 Dungeon Crawl Stone Soup version 0.24.0-35-gdb84b6a5db (webtiles) character file.

Game seed: 10156965904008403686, levelgen mode: deterministic

332 Gumption the Caller (level 6, -11/36 HPs)
             Began as an Octopode Summoner on Nov 17, 2019.
             Mangled by an ogre
             ... wielding a +0 giant spiked club
              (29 damage)
             ... on level 5 of the Dungeon.
             The game lasted 00:44:11 (4862 turns).

Gumption the Caller (Octopode Summoner)             Turns: 4862, Time: 00:44:11

Health: -11/36     AC:  1    Str:  7    XL:     6   Next: 52%
Magic:  4/10       EV: 14    Int: 19    God:
Gold:   272        SH:  4    Dex: 13    Spells: 2/11 levels left

rFire    . . .     SeeInvis .   (no weapon)
rCold    . . .     Gourm    .   d - +0 buckler
rNeg     . . .     Faith    .   i - +0 hat
rPois    .         Spirit   .   (no amulet)
rElec    .         Reflect  .   (no ring)
rCorr    .         Harm     .   (no ring)
MR       .....                  (no ring)
Stlth    ++++......             (no ring)
HPRegen  0.12/turn              (no ring)
MPRegen  0.12/turn              (no ring)
                                (no ring)
                                (no ring)

@: no status effects
A: almost no armour, stealthy swim, amphibious, 8 rings, constrict 8, camouflage
1, gelatinous body 1
a: no special abilities


You were on level 5 of the Dungeon.
You were not hungry.

You visited 1 branch of the dungeon, and saw 5 of its levels.

You collected 272 gold pieces.

Inventory:

Missiles
 b - 109 sling bullets
 c - 39 poisoned darts (quivered)
 n - 8 atropa-tipped darts
Armour
 d - a +0 buckler (worn)
 i - a +0 hat (worn)
Jewellery
 m - an uncursed amulet of rage
Wands
 g - a wand of flame (19)
 q - a wand of random effects (12)
Scrolls
 f - 3 scrolls of identify
 h - 6 scrolls of teleportation
 l - a scroll of amnesia
 o - a scroll of fog
Potions
 a - a potion of curing
 j - 2 potions of brilliance
 k - 3 potions of heal wounds
 p - a potion of might
Comestibles
 e - 6 rations


   Skills:
 + Level 3.2 Dodging
 + Level 4.5 Stealth
 * Level 2.6 Shields
 + Level 3.0 Spellcasting
 + Level 5.2 Summonings
 + Level 0.6 Air Magic


You had 2 spell levels left.
You knew the following spells:

 Your Spells              Type           Power        Failure   Level  Hunger
a - Call Imp              Summ           ###.....     3%          2    ##.....
c - Call Canine Familiar  Summ           ###.....     6%          3    ###....
d - Summon Lightning Spi  Summ/Air       ##......     47%         4    ####...

Your spell library contained the following spells:

 Spells                   Type           Power        Failure   Level  Hunger
 Summon Small Mammal      Summ           ###.         2%          1    None
 Summon Guardian Golem    Hex/Summ       ##......     19%         3    ###....
 Summon Ice Beast         Ice/Summ       ##......     52%         4    ####...


Dungeon Overview and Level Annotations

Branches:
Dungeon (5/15)
 Temple: D:4-7

Altars:
Ashenzari
Nemelex Xobeh
Trog
Wu Jian
Zin
The Shining One

Annotations:
D:5 Edmund, Grinder


Innate Abilities, Weirdness & Mutations

You cannot wear most types of armour.
You are very stealthy in the water. (Stealth+)
You are amphibious.
You can wear up to eight rings at the same time.
You can use your tentacles to constrict eight enemies at once.
Your skin changes colour to match your surroundings (Stealth+).
Your rubbery body absorbs attacks. (AC +1, EV +1)


Message History

Ouch! That really hurt!
* * * LOW HITPOINT WARNING * * *
Your crimson imp hits the giant cockroach zombie.
You tentacle-slap the giant cockroach zombie but do no damage.
You grab the giant cockroach zombie.
The giant cockroach zombie is moderately damaged.
You constrict the giant cockroach zombie.
The giant cockroach zombie closely misses you.
Your white imp gestures at the ogre.
The puff of frost hits the ogre!
Your crimson imp hits the giant cockroach zombie.
Your crimson imp hits the giant cockroach zombie but does no damage.
You tentacle-slap the ogre but do no damage.
Your squeeze misses the ogre.
The ogre is moderately wounded.
You constrict the giant cockroach zombie.
The giant cockroach zombie bites you but does no damage.
The ogre hits you with a +0 giant spiked club!!
Ouch! That really hurt!
You die...

## ...
...####+##
.........#
.........#
#......#
+...O5.#
#..>Z@.#
#...55.#
#........
#......Z...
#######.....#
..@..# ..(..#
.....#


You could see Edmund (sleeping), an ogre, a worker ant zombie, a giant cockroach
zombie, 2 friendly crimson imps and a friendly white imp.

Vanquished Creatures
  An ogre (D:4)
  An orc wizard (D:3)
  An orc (D:3)
  2 bats (D:1)
  3 giant cockroaches
  5 goblins
  3 hobgoblins
  3 kobolds (D:2)
  A quokka (D:3)
  A ball python (D:2)
  5 rats
26 creatures vanquished.

Vanquished Creatures (collateral kills)
  Duvessa (D:5)
  An ogre (D:4)
  Dowan (D:5)
  Terence (D:2)
  2 worker ants (D:4)
  7 adders
  A worm (D:3)
  A dart slug (D:3)
  4 leopard geckos
  3 orcs (D:3)
  A ball python (D:3)
  6 goblins
  7 hobgoblins
  3 kobolds
  A quokka (D:3)
  3 bats
  2 frilled lizards (D:4)
  3 rats
48 creatures vanquished.

Grand Total: 74 creatures vanquished

Notes
Turn   | Place    | Note
-------+----------+-------------------------------------------
     0 | D:1      | Gumption the Octopode Summoner began the quest for the Orb.
     0 | D:1      | Reached XP level 1. HP: 11/11 MP: 3/3
   476 | D:1      | Reached XP level 2. HP: 17/17 MP: 5/5
   480 | D:1      | Learned a level 2 spell: Call Imp
  1056 | D:2      | Noticed Terence
  1262 | D:2      | Found a bloodstained altar of Trog.
  1262 | D:2      | Found an ornate altar of the Wu Jian Council.
  1389 | D:2      | Reached XP level 3. HP: 19/21 MP: 3/6
  1428 | D:2      | Killed Terence
  2089 | D:3      | Reached XP level 4. HP: 27/27 MP: 7/7
  2527 | D:3      | Reached skill level 1 in Shields
  2812 | D:3      | Learned a level 3 spell: Call Canine Familiar
  2860 | D:3      | Found a glowing golden altar of the Shining One.
  2985 | D:3      | Found a glowing silver altar of Zin.
  2985 | D:3      | Noticed an angel
  3166 | D:3      | Found a sparkling altar of Nemelex Xobeh.
  3190 | D:3      | Reached XP level 5. HP: 27/31 MP: 8/8
  3678 | D:4      | Found a shattered altar of Ashenzari.
  3680 | D:4      | Noticed an ogre
  3690 | D:4      | Killed an ogre
  3711 | D:4      | Reached skill level 5 in Summonings
  3777 | D:4      | Noticed an ogre
  3812 | D:4      | Killed an ogre
  3812 | D:4      | Reached XP level 6. HP: 11/36 MP: 4/10
  4445 | D:4      | Learned a level 4 spell: Summon Lightning Spire
  4446 | D:5      | Entered Level 5 of the Dungeon
  4450 | D:5      | Noticed Dowan
  4460 | D:5      | Noticed Duvessa
  4501 | D:5      | Killed Dowan
  4532 | D:5      | Killed Duvessa
  4737 | D:5      | Noticed Grinder
  4856 | D:5      | Noticed Edmund
  4862 | D:5      | Mangled by an ogre

Levels and vault maps discovered:
D:1:      lightli_arrival_maybe_door_vault, layout_basic,
          minmay_misc_feat_enclosed
D:2:      layout_loops_ring, gammafunk_temple_overflow_statue,
          kennysheep_crisscross, uniq_terence
D:3:      layout_rooms, nicolae_overflow_hidden_temple, zin_angel,
          nemelex_altar_shiori
D:4:      layout_gridville, ashenzari_conservatory_becter, abandoned_shop
D:5:      layout_gridville, minmay_temple_entry_grid, first_ration,
          serial_rivers, chequers_serial_rivers_micro_d,
          chequers_serial_rivers_small_b, chequers_serial_rivers_micro_a,
          chequers_serial_rivers_small_a, chequers_serial_rivers_micro_e,
          hangedman_decor_diamond_cutter, uniq_grinder, uniq_edmund,
          uniq_duvessa, uniq_ijyb

Skill      XL: |  1  2  3  4  5  6 |
---------------+-------------------+-----
Stealth        | 3 4 |  4.5
Shields        | 1 2 |  2.6
Summonings     | 5 |  5.2
Dodging        | 3 |  3.2
Spellcasting   | 3 |  3.0
Air Magic      | |  0.6

Action                   |  1- 3 |  4- 6 || total
-------------------------+-------+-------++-------
Melee: Unarmed           |    45 |    42 ||    87
       Constrict         |    13 |    10 ||    23
       Tentacles         |     9 |     6 ||    15
Throw: Dart              |       |    13 ||    13
 Cast: Summon Small Mamm |    11 |       ||    11
       Call Imp          |    15 |    55 ||    70
  Use: Scroll            |     1 |    10 ||    11
 Stab: Sleeping          |     7 |     1 ||     8
  Eat: Chunk             |     5 |     4 ||     9
       Ration            |       |     2 ||     2
Armor: Skin              |     2 |     4 ||     6
Dodge: Dodged            |    34 |    42 ||    76
Block: Buckler           |       |     6 ||     6
